 Dungeon Crawl Stone Soup version 0.27-a0-660-g90476cec82 (webtiles) character file.

Game seed: 9423645991722331312

153 spiderkeys the Poker (level 5, -1/73 HPs)
             Began as a Palentonga Berserker on Mar 17, 2021.
             Was a Believer of Trog.
             Slain by a gnoll
             ... wielding a +0 club
              (8 damage)
             ... on level 3 of the Dungeon.
             The game lasted 00:04:08 (2040 turns).

spiderkeys the Poker (Palentonga Berserker)         Turns: 2040, Time: 00:04:09

Health: -1/73      AC:  5    Str: 22    XL:     5   Next: 12%
Magic:  5/5        EV:  9    Int:  7    God:    Trog [**....]
Gold:   111        SH:  0    Dex:  9    Spells: 4/4 levels left

rFire    . . .     SeeInvis +   a - +0 spear
rCold    . . .     Faith    .   (no shield)
rNeg     . . .     Spirit   .   j - +0 leather armour
rPois    .         Reflect  .   h - +0 helmet
rElec    .         Harm     .   f - scarf {+Inv}
rCorr    .         Rampage  .   (no gloves)
Will     .....                  (no barding)
Stlth    ..........             (no amulet)
HPRegen  0.22/turn              (no ring)
MPRegen  0.09/turn              (no ring)

@: berserking, very quick
A: large, rugged brown scales 3, see invisible, deformed body, roll 1, armoured
tail
a: Rolling Charge, Renounce Religion, Evoke Invisibility, Berserk, Trog's Hand


You were on level 3 of the Dungeon.
You worshipped Trog.
Trog was pleased with you.
You visited 1 branch of the dungeon, and saw 3 of its levels.

You collected 111 gold pieces.

Inventory:

Hand Weapons
 a - a +0 spear (weapon)
Armour
 f - a scarf of invisibility (worn)
 h - a +0 helmet (worn)
 i - a +0 plate armour
 j - a +0 leather armour (worn)
Scrolls
 b - a scroll of fog {unknown}
 d - 4 scrolls of identify {unknown}
 e - a scroll of magic mapping {unknown}
 k - a scroll of enchant armour {unknown}
Potions
 c - a potion of flight {unknown}
 g - a potion of curing {unknown}
 l - a potion of resistance {unknown}


   Skills:
 + Level 3.7 Fighting
 * Level 4.0 Polearms
 + Level 2.3 Armour
 + Level 2.3 Dodging


You had 4 spell levels left.
You didn't know any spells.
Your spell library was empty.

Dungeon Overview and Level Annotations

Branches:
Dungeon (3/15)

Altars:
Dithmenos


Innate Abilities, Weirdness & Mutations

You are completely covered in rugged brown scales. (AC +3, +7% HP)
You have supernaturally acute eyesight. (SInv)
Armour fits poorly on your strangely shaped body.
You can roll at nearby foes to attack.
You have a long armoured tail.


Message History

The gnoll shouts!
You hear a shout! x2
A gnoll comes into view.
A goblin comes into view. It is wielding a +0 club.
The gnoll shouts!
A gnoll comes into view. It is wielding a +0 whip.
The gnoll shouts!
There is an open door here.
You hit the goblin but do no damage. The goblin closely misses you.
You hit the gnoll but do no damage. The gnoll hits you.
The gnoll hits you with a +0 club. The goblin hits you with a +0 club.
You hit the gnoll.
Your tail-slap misses the gnoll.
The gnoll is lightly wounded.
The gnoll closely misses you. The gnoll hits you with a +0 club!
The goblin hits you with a +0 club.
You barely miss the gnoll.
The gnoll is lightly wounded.
The gnoll hits you but does no damage. The gnoll hits you with a +0 club.
The goblin hits you with a +0 club.
You closely miss the gnoll.
The gnoll is lightly wounded.
The gnoll barely misses you. The gnoll hits you with a +0 club.
You hit the gnoll.
The gnoll is heavily wounded.
The goblin hits you with a +0 club. The gnoll barely misses you.
You are too injured to fight recklessly!
You barely miss the gnoll.
Your tail-slap misses the gnoll.
The gnoll hits you with a +0 club! The goblin barely misses you.
A red film seems to cover your vision as you go berserk!
You feel yourself moving faster!
You feel mighty! The gnoll hits you.
* * * LOW HITPOINT WARNING * * *
You puncture the gnoll! You tail-slap the gnoll.
You kill the gnoll!
Trog accepts your kill. The gnoll hits you with a +0 club!
* * * LOW HITPOINT WARNING * * *
Your Polearms skill increases to level 4!
You barely miss the gnoll.
The gnoll is heavily wounded.
The gnoll hits you with a +0 club!
You die...

..................# ....
....#.............# ....
....#.....#..†....#.....
....##...##....####.....
######...##.............
.....+..................
######......##..........
# ######...###..##.... #
.... .....# ##@## ..
#...........# #gg#
#..........## ##g#
.........)## #.........
..........# ...........
...........
............# .......
.......#..#.### ##.....
....... #.#.# .......
....... .# #


You could see 2 gnolls and a goblin.

Vanquished Creatures
  A jelly (D:3)
  A gnoll (D:3)
  5 adders (D:2)
  2 oozes
  3 worms
  A dart slug (D:1)
  3 leopard geckos
  4 orcs (D:3)
  A giant cockroach (D:1)
  3 goblins
  4 hobgoblins
  2 quokkas (D:2)
  A ball python (D:1)
  5 bats
  4 frilled lizards
  A jackal skeleton (D:2)
  7 kobolds
  4 rats
52 creatures vanquished.

Notes
Turn   | Place    | Note
-------+----------+-------------------------------------------
     0 | D:1      | spiderkeys the Palentonga Berserker began the quest for the
                  | Orb.
     0 | D:1      | Reached XP level 1. HP: 20/20 MP: 1/1
    80 | D:1      | Reached XP level 2. HP: 27/27 MP: 2/2
   126 | D:1      | Reached skill level 3 in Polearms
   738 | D:2      | Reached XP level 3. HP: 33/33 MP: 3/3
   896 | D:2      | Reached ** piety under Trog
  1245 | D:2      | Reached XP level 4. HP: 35/40 MP: 4/4
  1875 | D:3      | Found a shadowy altar of Dithmenos.
  1953 | D:3      | Reached XP level 5. HP: 44/49 MP: 5/5
  2040 | D:3      | Reached skill level 4 in Polearms
  2040 | D:3      | Slain by a gnoll

Illustrated notes

Levels and vault maps discovered:
D:1:      eino_arrival_tree_alley, layout_rooms, roderic_serpentine_path
D:2:      layout_loops_ring
D:3:      layout_basic, old_standard_altar,
          chequers_temple_overflow_statue_of_worship, uniq_grinder

Skill      XL: |  1  2  3  4  5 |
---------------+----------------+-----
Polearms       | 3 4 |  4.0
Dodging        | 2 |  2.3
Armour         | 2 |  2.3
Fighting       | |  3.7

Action                   |  1- 3 |  4- 6 || total
-------------------------+-------+-------++-------
Melee: Spear             |   128 |    73 ||   201
       Tailslap          |    12 |     7 ||    19
Invok: Berserk           |       |     1 ||     1
 Abil: Rolling Charge    |     3 |       ||     3
 Stab: Distracted        |       |     1 ||     1
Armor: Animal skin       |     8 |       ||     8
       Plate armour      |     6 |       ||     6
       Leather armour    |    17 |    15 ||    32
Dodge: Dodged            |    36 |    26 ||    62

Table legend: (Time is in decaauts)
 A = Elapsed time spent in this place.
 B = Non-inter-level travel time spent in this place.
 C = Inter-level travel time spent in this place.
 D = Time resting spent in this place.
 E = Time spent auto-exploring this place.
 F = Levels seen in this place.
 G = Mean time per level.
                   A        B        C        D        E       F      G
               +--------+--------+--------+--------+--------+-----+--------+
         Total |   2026 |   1961 |     65 |      0 |   1540 |   3 |  675.3 |
       Dungeon |   2026 |   1961 |     65 |      0 |   1540 |   3 |  675.3 |
               +--------+--------+--------+--------+--------+-----+--------+

Top non-repeatable levels by time:
     D:2: 1108 daAuts
     D:1: 647 daAuts
     D:3: 270 daAuts
